 Dungeon Crawl Stone Soup version 0.28.0-45-g0d030f2227 (webtiles) character file.

Game seed: 7691211709921006951

142 NinjaNoafa the Firebug (level 5, -11/41 HPs)
             Began as a Human Cinder Acolyte on Apr 2, 2022.
             Was a High Priest of Ignis.
             Mangled by an ogre
             ... wielding a +0 giant spiked club
              (17 damage)
             ... on level 3 of the Dungeon.
             The game lasted 00:13:01 (3251 turns).

NinjaNoafa the Firebug (Human Cinder Acolyte)       Turns: 3251, Time: 00:13:02

Health: -11/41     AC:  7    Str: 14    XL:     5   Next: 49%
Magic:  7/8        EV: 11    Int: 16    God:    Ignis [*****.]
Gold:   166        SH:  0    Dex:  9    Spells: 6/8 levels left

rFire   + . .      SeeInvis .   a - -1 spear (flame)
rCold   . . .      Faith    .   (no shield)
rNeg    . . .      Spirit   .   b - +2 robe
rPois   .          Reflect  .   (no helmet)
rElec   .          Harm     .   (no cloak)
rCorr   .          Rampage  .   l - +2 pair of gloves
Will    .....                   (no boots)
Stlth   +.........              (no amulet)
HPRegen 0.13/turn               (no ring)
MPRegen 0.11/turn               (no ring)

@: no status effects
A: no striking features
a: Renounce Religion, Fiery Armour, Foxfire Swarm, Rising Flame


You were on level 3 of the Dungeon.
You worshipped Ignis.
Ignis was extremely pleased with you.
You visited 1 branch of the dungeon, and saw 3 of its levels.

You collected 166 gold pieces.

Inventory:

Hand Weapons
 a - a -1 spear of flaming (weapon)
 e - a +2 dagger of venom
 m - a +0 short sword
Missiles
 c - 21 sling bullets
 g - 121 stones (quivered)
Armour
 b - a +2 robe (worn)
 d - a +0 leather armour
 f - a +0 robe of willpower
 k - a +2 ring mail of cold resistance
 l - a +2 pair of gloves (worn)
Potions
 h - a potion of might {unknown}
 j - a potion of flight


   Skills:
 + Level 3.5 Fighting
 - Level 3.1 Polearms
 * Level 1.3 Dodging
 - Level 1.1 Stealth
 * Level 2.4 Spellcasting
 * Level 1.4 Summonings
 + Level 3.5 Fire Magic


You had 6 spell levels left.
You knew the following spells:

 Your Spells              Type           Power      Damage    Failure   Level
a - Scorch                Fire           26%        2d6       7%          2

Your spell library contained the following spells:

 Spells                   Type           Power      Damage    Failure   Level
 Summon Small Mammal      Summ           24%        N/A       11%         1
 Animate Skeleton         Necr           2%         N/A       21%         1
 Apportation              Tloc           2%         N/A       21%         1


Dungeon Overview and Level Annotations

Branches:
Dungeon (3/15)

Altars:


Message History

Found 3 gold pieces.
You see here a +0 robe of willpower.
f - a +0 robe of willpower You now have 166 gold pieces (gained 3).
Okay, then.
There are no items here.
h - a coppery potion
There is an open door here.
You open the gate.
There is an open gate here.
There is an open gate here.
A goblin comes into view. It is wielding a +0 dagger.
You aren't carrying any scrolls.
Okay, then.
An ogre comes into view. It is wielding a +0 giant spiked club.
The ogre shouts!
The goblin shouts!
You hear a shout! x3
You hear an angry hiss.
An orc comes into view. It is wielding a +0 mace.
You hit the ogre. You burn the ogre.
The ogre is lightly wounded.
An orc comes into view. It is wielding a +0 dagger.
The ogre hits you with a +0 giant spiked club!
The ogre closely misses you.
An orc comes into view. It is wielding a +0 whip.
The orc moves out of view.
The orc shouts!
Casting: Scorch (safe; 7% risk of failure)
Confirm with . or Enter, or press ? or * to list all spells.
Flames lash the ogre.
The ogre is moderately wounded.
The ogre's fire resistance burns away.
The ogre hits you with a +0 giant spiked club!!
Ouch! That really hurt!
* * * LOW HITPOINT WARNING * * *
The ogre is no longer more vulnerable to fire.
A giant cockroach comes into view.
Found a stone staircase leading up.
You closely miss the giant cockroach.
The ogre hits you with a +0 giant spiked club!
You die...

. #. ## #. .# .. #.#
....## #.######..# .....
.#.#.........#####...#
......B@Og.......+...+
.#.#.<#.##o..#####...###
## #.#....#####......
#.#.g......+......
..#.o#######..o...
..#....go.##.##...
######
######.#####....##...
.....# #...##.
####...... .....#
#...##. #..#...


You could see an ogre, an orc, a giant cockroach and a goblin.

Vanquished Creatures
  A bullfrog skeleton (D:3)
  An iguana (D:3)
  3 gnolls (D:3)
  A worm (D:3)
  2 dart slugs
  2 bats
  4 endoplasms (D:1)
  A giant cockroach (D:3)
  3 goblins
  5 hobgoblins
  14 kobolds
  3 quokkas
  6 ball pythons
  4 frilled lizards
  6 rats
56 creatures vanquished.

Notes
Turn   | Place    | Note
-------+----------+-------------------------------------------
     0 | D:1      | NinjaNoafa the Human Cinder Acolyte began the quest for the
                  | Orb.
     0 | D:1      | Reached XP level 1. HP: 18/18 MP: 2/2
   180 | D:1      | Reached XP level 2. HP: 16/24 MP: 3/3
   524 | D:1      | Found a faded altar of an unknown god.
   563 | D:1      | Reached XP level 3. HP: 19/29 MP: 5/5
   958 | D:1      | Learned a level 2 spell: Scorch
  1979 | D:2      | Reached skill level 1 in Stealth
  2410 | D:3      | Reached XP level 4. HP: 34/35 MP: 2/7
  2653 | D:3      | Reached skill level 1 in Summonings
  2682 | D:3      | Reached skill level 1 in Dodging
  2682 | D:3      | Reached XP level 5. HP: 17/41 MP: 1/8
  2702 | D:3      | HP: 2/41 [bullfrog skeleton (3)]
  3231 | D:3      | Noticed an ogre
  3251 | D:3      | Mangled by an ogre

Illustrated notes

Levels and vault maps discovered:
D:1:      grunt_arrival_lava_bath, layout_rooms,
          hellmonk_ecumenical_altar_heavens_door, dk_noncrumbling_4
D:2:      layout_basic, minmay_tiny_reverse_x
D:3:      layout_basic, kennysheep_cross_bottleneck

Skill      XL: |  1  2  3  4 |
---------------+-------------+-----
Stealth        | 1 |  1.1
Spellcasting   | 2 |  2.4
Summonings     | 1 |  1.4
Dodging        | 1 |  1.3
Fighting       | |  3.5
Polearms       | |  3.1
Fire Magic     | |  3.5

Action                   |  1- 3 |  4- 6 || total
-------------------------+-------+-------++-------
Melee: Spear             |   163 |    51 ||   214
       Short sword       |       |     2 ||     2
       Punch             |       |     3 ||     3
Throw: Stone             |     1 |     1 ||     2
 Cast: Scorch            |     7 |    11 ||    18
Invok: Fiery Armour      |       |     1 ||     1
  Use: Scroll            |     4 |     1 ||     5
       Potion            |     1 |     4 ||     5
Armor: Robe              |    43 |    14 ||    57
Dodge: Dodged            |    72 |    37 ||   109
